 Dungeon Crawl Stone Soup version 0.31-a0-369-g8eba5f6939 (console) character file.

Game seed: 16135815601945495003

205 jejorda2 the Ruffian (level 5, 0/47 HPs)
             Began as a Gnoll Berserker on July 28, 2023.
             Was a Follower of Trog.
             Slain by an ufetubus (2 damage)
             ... summoned by Eustachio
             ... on level 5 of the Dungeon.
             The game lasted 00:05:26 (2684 turns).

jejorda2 the Ruffian (Gnoll Berserker)              Turns: 2684, Time: 00:05:27

Health: 0/47       AC:  9    Str: 18      XL:     5   Next: 83%
Magic:  7/7        EV: 12    Int:  7      God:    Trog [*.....]
Gold:   10         SH:  0    Dex: 10 (11) Spells: 7/7 levels left

rFire   + .          .
                       - Unarmed
rCold   + . .        (no shield)
rNeg    . . .        l - +0 ring mail
rPois   +            q - +2 helmet {SInv}
rElec   +            (no cloak)
rCorr   +            (no gloves)
SInv    +            (no boots)
Will    .....        (no amulet)
Stlth   +            (no ring)
HPRegen 0.27/turn    (no ring)
MPRegen 0.10/turn

%: no passive effects
@: mighty, resistant, on berserk cooldown, slowed, very slow
A: fangs 1, strong nose, distributed training, mutation resistance 1
a: Renounce Religion, Berserk


You were on level 5 of the Dungeon.
You worshipped Trog.
Trog was aware of your devotion.
You visited 1 branch of the dungeon, and saw 5 of its levels.

You collected 225 gold pieces.
You spent 215 gold pieces at shops.

Inventory:

Missiles
 i - 2 boomerangs
Armour
 l - a +0 ring mail (worn)
 q - a +2 helmet of see invisible (worn)
Scrolls
 a - a scroll of acquirement {unknown}
 b - a scroll of brand weapon {unknown}
 c - 6 scrolls of identify {unknown}
 e - 2 scrolls of amnesia {unknown}
 g - a scroll of fog {unknown}
 k - a scroll of blinking {unknown}
 m - 2 scrolls of fear {unknown}
 p - a scroll of vulnerability {unknown}
Potions
 f - 2 potions of resistance
 j - a potion of degeneration {unknown}
 n - a potion of enlightenment {unknown}
 o - a potion of invisibility {unknown}
 r - a potion of curing {unknown}


   Skills:
 + Level 6.7 Fighting
 + Level 1.7 Short Blades
 + Level 1.7 Long Blades
 + Level 1.7 Axes
 + Level 1.7 Maces & Flails
 + Level 1.7 Polearms
 + Level 1.7 Staves
 + Level 1.7 Ranged Weapons
 + Level 1.7 Throwing
 + Level 4.9 Armour
 + Level 4.9 Dodging
 + Level 1.7 Stealth
 + Level 1.7 Shields
 + Level 6.7 Unarmed Combat
 + Level 1.7 Spellcasting
 + Level 1.3 Conjurations
 + Level 1.3 Hexes
 + Level 1.3 Summonings
 + Level 1.3 Necromancy
 + Level 1.3 Translocations
 + Level 1.3 Transmutations
 + Level 1.3 Fire Magic
 + Level 1.3 Ice Magic
 + Level 1.3 Air Magic
 + Level 1.3 Earth Magic
 + Level 1.3 Poison Magic
 + Level 1.9 Invocations
 + Level 1.7 Evocations
 + Level 1.3 Shapeshifting


You had 7 spell levels left.
You didn't know any spells.
Your spell library was empty.

Dungeon Overview and Level Annotations

Branches:
Dungeon (5/15)
 Temple: D:4-7

Altars:
Ashenzari
Dithmenos
Trog

Shops:
D:3 [

Annotations:
D:5 Eustachio


Innate Abilities, Weirdness & Mutations

You have very sharp teeth.
Your uncanny sense of smell can sniff out nearby items.
Your experience applies equally to all skills.
You are somewhat resistant to further mutation.


Message History

Unknown command.
It was a potion of resistance.
You feel protected. The bat barely misses you. The ufetubus misses you. x2
The quokka closely misses you.
Eustachio mumbles some strange words.
Eustachio blinks!
The rat closely misses you.
The ufetubus hits you but does no damage. x2
The iron imp closely misses you.
Unknown command.
Unknown command.
Unknown command.
It was a potion of might.
You feel very mighty all of a sudden. The bat hits you but does no damage.
The ufetubus hits you.
* * * LOW HITPOINT WARNING * * *
The ufetubus misses you.
The quokka bites you but does no damage.
The rat bites you.
* * * LOW HITPOINT WARNING * * *
The rat barely misses you.
The ufetubus hits you but does no damage.
The ufetubus hits you.
* * * LOW HITPOINT WARNING * * *
The quokka barely misses you. The iron imp barely misses you.
Eustachio gestures wildly while chanting.
Eustachio blinks!
The rat bites you.
* * * LOW HITPOINT WARNING * * *
The rat barely misses you.
Unknown command.
The bat hits you but does no damage. The ufetubus completely misses you.
The ufetubus hits you but does no damage.
The bat closely misses you.
The quokka bites you but does no damage.
The ufetubus hits you but does no damage.
The ufetubus misses you.
Eustachio mumbles some strange words.
Eustachio blinks!
The rat closely misses you. The quokka barely misses you.
The ufetubus hits you.
You die...

∆ .. ...... ?. <#
#r#....§##.###. ...
#........ #
#.###...#...###.##
###.#...........#..
####.......!........####.
..$..>.$.........§.......
?##..##...†$....r5[..#
#.# #.......b.@5r..# ...
#.........r5...# ###
#..............#
##............##
##...<......##
############


You could see 2 iron imps, an ufetubus (summoned), a quokka (summoned), a bat
(summoned) and 2 rats.

Vanquished Creatures
  An ogre (D:4)
  A howler monkey (D:4)
  3 adders
  2 worms
  3 dart slugs (D:4)
  6 endoplasms
  2 giant cockroaches (D:1)
  5 goblins
  5 hobgoblins
  4 jackals
  2 quokkas (D:1)
  4 ball pythons
  A bat (D:1)
  3 frilled lizards
  2 kobolds
  4 rats
48 creatures vanquished.

Notes
Turn   | Place    | Note
-------+----------+-------------------------------------------
     0 | D:1      | jejorda2 the Gnoll Berserker began the quest for the Orb.
     0 | D:1      | Reached XP level 1. HP: 23/23 MP: 1/1
   115 | D:1      | Reached XP level 2. HP: 29/29 MP: 2/2
   350 | D:1      | Found a faded altar of an unknown god.
   747 | D:2      | Found a broken altar of Ashenzari.
   799 | D:2      | Reached XP level 3. HP: 35/35 MP: 3/3
  1099 | D:3      | Found a shadowy altar of Dithmenos.
  1230 | D:3      | Found Doegow's Armour Emporium.
  1312 | D:3      | Reached skill level 1 in Invocations
  1437 | D:3      | Reached skill level 1 in Short Blades
  1437 | D:3      | Reached skill level 1 in Long Blades
  1437 | D:3      | Reached skill level 1 in Axes
  1437 | D:3      | Reached skill level 1 in Maces & Flails
  1437 | D:3      | Reached skill level 1 in Polearms
  1437 | D:3      | Reached skill level 1 in Staves
  1437 | D:3      | Reached skill level 1 in Ranged Weapons
  1437 | D:3      | Reached skill level 1 in Throwing
  1437 | D:3      | Reached skill level 1 in Stealth
  1437 | D:3      | Reached skill level 1 in Shields
  1437 | D:3      | Reached skill level 1 in Spellcasting
  1437 | D:3      | Reached skill level 1 in Evocations
  1587 | D:4      | Reached skill level 1 in Conjurations
  1587 | D:4      | Reached skill level 1 in Hexes
  1587 | D:4      | Reached skill level 1 in Summonings
  1587 | D:4      | Reached skill level 1 in Necromancy
  1587 | D:4      | Reached skill level 1 in Translocations
  1587 | D:4      | Reached skill level 1 in Transmutations
  1587 | D:4      | Reached skill level 1 in Fire Magic
  1587 | D:4      | Reached skill level 1 in Ice Magic
  1587 | D:4      | Reached skill level 1 in Air Magic
  1587 | D:4      | Reached skill level 1 in Earth Magic
  1587 | D:4      | Reached skill level 1 in Poison Magic
  1587 | D:4      | Reached skill level 1 in Shapeshifting
  1587 | D:4      | Reached XP level 4. HP: 36/41 MP: 5/5
  1674 | D:4      | Noticed an ogre
  1680 | D:4      | Killed an ogre
  1681 | D:4      | Reached XP level 5. HP: 47/47 MP: 5/7
  1683 | D:4      | Identified the +1 ring mail of Feeliph {Rampage Int+3
                  | Dex-2}
  1928 | D:4      | Identified the +0 leather armour of Athreimu {rN++ Dex-3}
  2063 | D:4      | Found a bloodstained altar of Trog.
  2164 | D:3      | Bought a +2 helmet of see invisible for 215 gold pieces
  2561 | D:5      | Entered Level 5 of the Dungeon
  2564 | D:5      | Noticed Eustachio
  2678 | D:5      | Gained mutation: You are somewhat resistant to further
                  | mutation. [potion of mutation]
  2683 | D:5      | HP: 2/47 [rat[Eustachio] (1)]
  2684 | D:5      | Slain by an ufetubus

Illustrated notes

Levels and vault maps discovered:
D:1:      minmay_arrival_checkered_box, layout_rooms,
          dilly_ecumenical_altar_fadedgnrine
D:2:      layout_basic, basic_altar, minmay_misc_feat_square
D:3:      layout_basic, nicolae_dithmenos_the_darkroom, serial_shops, shop
D:4:      nicolae_cairo_tiling, layout_loops_ring, trog_three_pillars_becter
D:5:      layout_rooms, gammafunk_ghost_abyssal_escape, uniq_eustachio

Skill      XL: |  1  2  3 |
---------------+----------+-----
Invocations    | 1 |  1.9
Short Blades   | 1 |  1.7
Long Blades    | 1 |  1.7
Axes           | 1 |  1.7
Maces & Flails | 1 |  1.7
Polearms       | 1 |  1.7
Staves         | 1 |  1.7
Ranged Weapons | 1 |  1.7
Throwing       | 1 |  1.7
Stealth        | 1 |  1.7
Shields        | 1 |  1.7
Spellcasting   | 1 |  1.7
Evocations     | 1 |  1.7
Conjurations   | 1 |  1.3
Hexes          | 1 |  1.3
Summonings     | 1 |  1.3
Necromancy     | 1 |  1.3
Translocations | 1 |  1.3
Transmutations | 1 |  1.3
Fire Magic     | 1 |  1.3
Ice Magic      | 1 |  1.3
Air Magic      | 1 |  1.3
Earth Magic    | 1 |  1.3
Poison Magic   | 1 |  1.3
Shapeshifting  | 1 |  1.3
Fighting       | |  6.7
Armour         | |  4.9
Dodging        | |  4.9
Unarmed Combat | |  6.7

Action                     |  1- 3 |  4- 6 || total
---------------------------+-------+-------++-------
  Melee: Unarmed           |    75 |    48 ||   123
         Bite              |     5 |     7 ||    12
         Punch             |     4 |     2 ||     6
 Invoke: Berserk           |       |     3 ||     3
    Use: Potion            |       |     3 ||     3
   Stab: Sleeping          |     1 |       ||     1
 Armour: Animal skin       |     5 |       ||     5
         Ring mail         |     7 |    60 ||    67
  Dodge: Dodged            |    33 |   106 ||   139

Table legend: (Time is in decaauts)
 A = Elapsed time spent in this place.
 B = Non-inter-level travel time spent in this place.
 C = Inter-level travel time spent in this place.
 D = Time resting spent in this place.
 E = Time spent auto-exploring this place.
 F = Levels seen in this place.
 G = Mean time per level.
                   A        B        C        D        E       F      G
               +--------+--------+--------+--------+--------+-----+--------+
         Total |   2694 |   2525 |    169 |    113 |   2005 |   5 |  538.8 |
       Dungeon |   2694 |   2525 |    169 |    113 |   2005 |   5 |  538.8 |
               +--------+--------+--------+--------+--------+-----+--------+

Top non-repeatable levels by time:
     D:4: 1018 daAuts
     D:2: 545 daAuts
     D:3: 538 daAuts
     D:1: 527 daAuts
     D:5: 65 daAuts
